 Dungeon Crawl Stone Soup version 0.19.4 (webtiles) character file.

5096 dngmouse the Cleaver (level 10, 0/94 HPs)
             Began as a Deep Dwarf Fighter on Feb 5, 2017.
             Was a Believer of Makhleb.
             Slain by a yak (1 damage)
             ... on level 10 of the Dungeon.
             The game lasted 00:28:51 (4584 turns).

dngmouse the Cleaver (Deep Dwarf Fighter)           Turns: 4584, Time: 00:28:52

Health: 0/94       AC: 15    Str: 20    XL:     10   Next: 32%
Magic:  12/12      EV:  6    Int:  9    God:    Makhleb [**....]
Gold:   473        SH:  9    Dex: 15    Spells: 0 memorised, 9 levels left

rFire  . . .     SeeInvis .     a - +1 war axe
rCold  . . .     Gourm    .     d - +0 plate armour
rNeg   + . .     Faith    .     c - +0 shield
rPois  .         Spirit   .     (helmet restricted)
rElec  .         Reflect  .     t - +0 cloak
rCorr  .         Harm     .     l - +0 pair of gloves
MR     ++...     Clarity  +     (no boots)
Stlth  ..........               v - amulet of magic regeneration
                                w - ring of protection from magic
                                j - ring of positive energy

@: non-regenerating, slowed, very slow
A: damage resistance, recharge devices, horns 1, clarity, sense surroundings 2,
slow regeneration 3
a: Device Recharging, Minor Destruction, Renounce Religion


You were on level 10 of the Dungeon.
You worshipped Makhleb.
Makhleb was pleased with you.
You were not hungry.

You visited 2 branches of the dungeon, and saw 9 of its levels.

You collected 473 gold pieces.

Inventory:

Hand Weapons
 a - a +1 war axe (weapon)
Missiles
 A - 7 javelins (quivered)
 G - 2 tomahawks
Armour
 c - a +0 shield (worn)
 d - a +0 plate armour (worn)
 k - a +0 large shield
 l - a +0 pair of gloves (worn)
 t - a +0 cloak (worn)
Jewellery
 j - a ring of positive energy (left hand)
 v - an amulet of magic regeneration (around neck)
 w - a ring of protection from magic (right hand)
 D - a +3 amulet of reflection {unknown}
Wands
 e - a wand of heal wounds (0/9)
 q - a wand of acid (0/15)
 r - a wand of lightning (0/15)
 y - a wand of flame (19/48)
 E - a wand of slowing (12/48)
Scrolls
 i - 6 scrolls of identify
 m - a scroll of enchant armour {unknown}
 n - 3 scrolls of amnesia
 p - 2 scrolls of teleportation
 s - 2 scrolls of remove curse
 x - a scroll of torment {unknown}
 B - 3 scrolls of fog {unknown}
Books
 C - a Young Poisoner's Handbook

   Spells                             Type                      Level
   a - Sting                          Conjuration/Poison           1
   b - Mephitic Cloud                 Conjuration/Poison/Air       3
   c - Olgreb's Toxic Radiance        Poison                       4
   d - Alistair's Intoxication        Transmutation/Poison         5
   e - Venom Bolt                     Conjuration/Poison           5
Comestibles
 f - 3 bread rations
 g - a slice of pizza
 h - 3 beef jerkies
 o - 3 meat rations
 z - 6 fruits
 F - 2 chunks of flesh


   Skills:
 * Level 7.4 Fighting
 - Level 12.0 Axes
 + Level 6.1 Armour
 + Level 4.9 Dodging
 - Level 3.2 Shields
 - Level 4.0 Evocations


You had 9 spell levels left.
You didn't know any spells.

Dungeon Overview and Level Annotations

Branches:
Dungeon (7/15)             Temple (1/1) D:4

Altars:
Ashenzari
Fedhas
Gozag
Makhleb
Okawaru
Sif Muna
Uskayaw
Vehumet
Zin
Lugonu

Shops:
D:4 (


Innate Abilities, Weirdness & Mutations

You are resistant to damage.
You can recharge devices by infusing magical energy.
You passively map the area around you.
You do not regenerate.
You have a pair of small horns on your head.
You possess an exceptional clarity of mind.


Message History

Okay, then.
Evoke which item? (* to show all) (? for menu, Esc to quit)
Okay, then.
You hit the yak.
The yak is lightly wounded.
You hit the yak. You block the yak's attack. The yak barely misses you.
You slash the yak!
The yak is moderately wounded.
You hit the yak. The yak gores you!
* * * LOW HITPOINT WARNING * * *
You block the yak's attack. x2
You hit the yak. You headbutt the yak, but do no damage.
The yak is moderately wounded.
You slash the yak!
The yak gores you but does no damage. x2
You block the yak's attack.
You hit the yak.
The yak is almost dead.
You hit the yak. You block the yak's attack.
The yak gores you but does no damage. The yak gores you.
You die...

#####)........
##.(())........
#..####....(...
#.## #.........
###.#
#....(.... *
##...#
#......... , ,
* #..###
#......... *
######Y##
#......... ,
*#..YYY@#
##........ ,
*...######
##......#
######## * * *
* , * ,* ** * *
, , * *** * , *
*


You could see 4 yaks.

Vanquished Creatures
  Josephine (D:10)
  Joseph (D:7)
  The ghost of Apogee the Ruffian, an amateur DrWn (D:4)
  Grinder (D:3)
  A hippogriff (D:7)
  5 wraiths (D:10)
  A yak (D:10)
  2 orc warriors (D:7)
  A sky beast (D:6)
  2 ice beasts
  An ogre (D:5)
  A phantom (D:5)
  2 centaurs
  2 big kobolds
  2 bullfrogs (D:7)
  4 scorpions
  A water moccasin skeleton (D:6)
  3 wights (D:6)
  4 howler monkeys
  A bullfrog zombie (D:5)
  A jelly (D:5)
  3 crimson imps
  2 centaur zombies
  A quasit (D:10)
  A bullfrog skeleton (D:6)
  2 orc priests (D:7)
  2 hounds
  4 orc wizards
  An iguana (D:4)
  Terence (D:3)
  5 worker ants
  10 gnolls
  A howler monkey skeleton (D:7)
  8 adders
  A shadow imp (D:5)
  An ooze (D:2)
  2 worms (D:3)
  2 dart slugs
  5 leopard geckos
  22 orcs
  A ball python (D:3)
  7 giant cockroaches
  8 goblins
  4 hobgoblins
  9 jackals
  A quokka (D:4)
  3 bats
  6 frilled lizards
  24 kobolds
  A quokka skeleton (D:6)
  A quokka zombie (D:7)
  6 rats
  2 toadstools (D:1)
185 creatures vanquished.

Vanquished Creatures (others)
  4 plants (D:10)
  2 toadstools (D:1)
6 creatures vanquished.

Grand Total: 191 creatures vanquished

Notes
Turn   | Place    | Note
-------+----------+-------------------------------------------
     0 | D:1      | dngmouse the Deep Dwarf Fighter began the quest for the Orb.
     0 | D:1      | Reached XP level 1. HP: 20/20 MP: 1/1
   153 | D:1      | Reached XP level 2. HP: 25/27 MP: 2/2
   570 | D:2      | Reached skill level 3 in Axes
   753 | D:2      | Reached XP level 3. HP: 24/34 MP: 3/3
   774 | D:2      | Found a deep blue altar of Sif Muna.
  1261 | D:3      | Noticed Terence
  1276 | D:3      | Killed Terence
  1276 | D:3      | Reached skill level 4 in Axes
  1276 | D:3      | Reached XP level 4. HP: 19/42 MP: 4/4
  1363 | D:3      | Noticed Grinder
  1368 | D:3      | Reached XP level 5. HP: 34/50 MP: 5/5
  1374 | D:3      | Killed Grinder
  1374 | D:3      | Reached skill level 6 in Axes
  1374 | D:3      | Reached XP level 6. HP: 34/58 MP: 6/6
  1472 | D:3      | Found a faded altar of an unknown god.
  2062 | D:4      | Found Siylakuh's Antique Weapon Boutique.
  2177 | D:4      | Reached skill level 7 in Axes
  2238 | D:4      | Reached XP level 7. HP: 37/66 MP: 7/7
  2256 | D:4      | Found a staircase to the Ecumenical Temple.
  2290 | D:4      | Noticed Apogee's ghost (amateur DrWn)
  2313 | Temple   | Entered the Ecumenical Temple
  2330 | Temple   | Became a worshipper of Makhleb the Destroyer
  2405 | D:4      | Killed Apogee's ghost
  2405 | D:4      | Reached skill level 8 in Axes
  2479 | D:5      | Entered Level 5 of the Dungeon
  2486 | D:5      | Reached skill level 9 in Axes
  2656 | D:5      | Reached XP level 8. HP: 21/73 MP: 8/8
  2885 | D:5      | Found a radiant altar of Vehumet.
  2892 | D:5      | Reached skill level 10 in Axes
  3007 | D:5      | Found an opulent altar of Gozag.
  3308 | D:6      | Reached skill level 11 in Axes
  3448 | D:6      | Reached skill level 1 in Evocations
  3449 | D:6      | Reached * piety under Makhleb
  3490 | D:6      | Gained mutation: You have a pair of small horns on your head. [mutagenic meat]
  3512 | D:6      | Gained mutation: You possess an exceptional clarity of mind. [mutagenic meat]
  3570 | D:6      | Found a blossoming altar of Fedhas.
  3795 | D:6      | Found a glowing silver altar of Zin.
  3881 | D:7      | Noticed a hippogriff
  3896 | D:7      | Killed a hippogriff
  3896 | D:7      | Reached skill level 5 in Fighting
  3896 | D:7      | Gained mutation: You passively map the area around you. [Deep Dwarf growth]
  3896 | D:7      | Reached XP level 9. HP: 52/81 MP: 8/10
  4084 | D:7      | Noticed Joseph
  4113 | D:7      | Killed Joseph
  4113 | D:7      | Reached skill level 12 in Axes
  4113 | D:7      | Reached skill level 1 in Dodging
  4204 | D:7      | Found an iron altar of Okawaru.
  4310 | D:7      | Reached ** piety under Makhleb
  4423 | D:7      | You fall through a shaft for 3 floors!
  4423 | D:10     | Entered Level 10 of the Dungeon
  4454 | D:10     | Reached skill level 5 in Armour
  4532 | D:10     | Noticed Josephine
  4547 | D:10     | Killed Josephine
  4547 | D:10     | Reached XP level 10. HP: 45/94 MP: 12/12
  4582 | D:10     | HP: 1/94 [yak (7)]
  4584 | D:10     | Slain by a yak

Skill      XL: |  1  2  3  4  5  6  7  8  9 10 |
---------------+-------------------------------+-----
Axes           | 3 4 6 7 9 11 12 | 12.0
Fighting       | 3 4 5 7 |  7.4
Evocations     | 2 4 |  4.0
Dodging        | 4 |  4.9
Armour         | 5 6 |  6.1
Shields        | |  3.2

Action                   |  1- 3 |  4- 6 |  7- 9 | 10-12 || total
-------------------------+-------+-------+-------+-------++-------
Melee: War axe           |   103 |   157 |   389 |    34 ||   683
       Headbutt          |       |       |    32 |    12 ||    44
 Abil: Device Recharging |       |       |     1 |       ||     1
Evoke: Wand              |       |     3 |    20 |     1 ||    24
  Use: Potion            |     1 |     2 |     2 |     1 ||     6
       Scroll            |       |       |     7 |     1 ||     8
 Stab: Distracted        |       |       |     1 |       ||     1
  Eat: Chunk             |     1 |     4 |    10 |       ||    15
Armor: Scale mail        |    35 |    22 |       |       ||    57
       Plate armour      |       |    60 |   195 |    31 ||   286
Dodge: Dodged            |    35 |    25 |    52 |    14 ||   126
Block: Shield            |    49 |    70 |   168 |    25 ||   312
